 Dungeon Crawl Stone Soup version 0.17.1-3-g152610e (webtiles) character file.

47 manyhoops the Magician (level 3, -3/19 HPs)
             Began as a Deep Elf Fire Elementalist on Apr 12, 2016.
             Slain by a gnoll (8 damage)
             ... on level 2 of the Dungeon.
             The game lasted 00:04:41 (1098 turns).

manyhoops the Magician (Deep Elf Fire Elementalist) Turns: 1098, Time: 00:04:42

Health: -3/19      AC:  2    Str:  5    XL:     3   Next: 48%
Magic:  4/10       EV:  7    Int: 20    God:
Gold:   30         SH:  0    Dex: 15    Spells: 3 memorised, 4 levels left

rFire  . . .     SeeInvis .     (no weapon)
rCold  . . .     Clarity  .     a - +0 robe
rNeg   . . .     SustAt   .     (no shield)
rPois  .         Gourm    .     (no helmet)
rElec  .         Spirit   .     (no cloak)
rCorr  .         Warding  .     (no gloves)
rMut   .         Stasis   .     (no boots)
MR     .....                    (no amulet)
Stlth  +.........               (no ring)
                                (no ring)

@: confused, held, not resistant to hostile enchantments, very unstealthy
A: no striking features
a: no special abilities


You were on level 2 of the Dungeon.
You were not hungry.

You visited 1 branch of the dungeon, and saw 2 of its levels.

You collected 30 gold pieces.

Inventory:

Armour
 a - a +0 robe (worn)
Jewellery
 k - an uncursed ring of wizardry {unknown}
Scrolls
 d - a scroll of fear {unknown}
 e - a scroll of identify {unknown}
 f - a scroll of magic mapping {unknown}
 j - a scroll of amnesia {unknown}
 m - 2 scrolls of remove curse {unknown}
Potions
 g - a potion of might {unknown}
 h - a potion of invisibility {unknown}
 i - 2 potions of ambrosia
Books
 b - a book of Flames

   Spells                             Type                      Level
   a - Flame Tongue                   Conjuration/Fire             1
   b - Throw Flame                    Conjuration/Fire             2
   c - Conjure Flame                  Conjuration/Fire             3
   d - Inner Flame                    Hexes/Fire                   3
   e - Sticky Flame                   Conjuration/Fire             4
   f - Fireball                       Conjuration/Fire             5
Comestibles
 c - 2 bread rations
 l - 4 fruits
 n - a meat ration


   Skills:
 - Level 2.4 Dodging
 + Level 2.7 Stealth
 + Level 4.4 Spellcasting
 - Level 1.4 Conjurations
 - Level 3.8 Fire Magic


You had 4 spell levels left.
You knew the following spells:

 Your Spells              Type           Power        Failure   Level  Hunger
a - Flame Tongue          Conj/Fire      ###..        4%          1    None
b - Throw Flame           Conj/Fire      ###...       10%         2    #......
c - Conjure Flame         Conj/Fire      ###.....     14%         3    ###....


Dungeon Overview and Level Annotations

Branches:
Dungeon (2/15)

Altars:
Ru


Message History

Press: ? - help, Shift-Dir - straight line, f/p - gnoll
Aim: a gnoll, wielding a club (moderately wounded)
The flame tongue hits the gnoll.
The gnoll is severely wounded.
The gnoll hits you but does no damage. The gnoll barely misses you.
Casting: Flame Tongue
Confirm with . or Enter, or press ? or * to list all spells.
Aiming: Flame Tongue
Press: ? - help, Shift-Dir - straight line, f/p - gnoll
Aim: a gnoll, wielding a club (severely wounded)
The flame tongue misses the gnoll.
The gnoll barely misses you. The gnoll hits you!
* * * LOW HITPOINT WARNING * * *
The gnoll hits you.
* * * LOW HITPOINT WARNING * * *
Unknown command.
It was a potion of ambrosia.
You are confused.
You feel invigorated. The gnoll hits you!
You die...

#......... #.........
## ######......... ..
..#......).....
####.####.#############
#.......#.# ##.##.#.#
.#.#r.g#.#.###
....§_g@.(...# ####
.#.#..g#.#.#.# #...
##.##.#.#.# #... ...
..#.#.##### #... ###
####.#.....# #...
..#.....# #.#.
###.....# #.#. #......#
#.#. #......####†##


You could see 3 gnolls and a rat.

Vanquished Creatures
  A gnoll (D:2)
  An ooze (D:2)
  2 giant geckos (D:1)
  6 bats
  4 hobgoblins
  A giant newt (D:1)
  7 goblins (D:1)
  3 kobolds
  5 rats
30 creatures vanquished.

Notes
Turn   | Place    | Note
--------------------------------------------------------------
     0 | D:1      | manyhoops the Deep Elf Fire Elementalist began the quest for the Orb.
     0 | D:1      | Reached XP level 1. HP: 10/10 MP: 6/6
   163 | D:1      | Reached XP level 2. HP: 15/15 MP: 6/8
   198 | D:1      | Learned a level 2 spell: Throw Flame
   842 | D:2      | Reached skill level 4 in Spellcasting
   842 | D:2      | Reached XP level 3. HP: 19/19 MP: 0/10
  1030 | D:2      | Learned a level 3 spell: Conjure Flame
  1077 | D:2      | Found a sacrificial altar of Ru.
  1098 | D:2      | Slain by a gnoll

Action                   || total
-------------------------++-------
Melee: Unarmed           ||    12
 Cast: Flame Tongue      ||    34
       Throw Flame       ||    11
       Conjure Flame     ||     1
  Use: Potion            ||     1
  Eat: Chunk             ||     1
